 Dungeon Crawl Stone Soup version 0.29.0-7-g18a832c13a (webtiles) character file.

Game seed: 10579773902409084058

241614 gelatine the Earth Mage (level 19, -11/132 HPs)
             Began as a Gargoyle Earth Elementalist on Aug 31, 2022.
             Was the Champion of Vehumet.
             Mangled by a tarantella (17 damage)
             ... on level 4 of the Spider Nest.
             The game lasted 03:08:01 (34312 turns).

gelatine the Earth Mage (GrEE)                     Turns: 34312, Time: 03:08:02

Health: -11/132    AC: 30    Str: 12      XL:     19   Next: 36%
Magic:  0/48       EV: 12    Int: 33 (34) God:    Vehumet [******]
Gold:   4030       SH:  0    Dex:  8 (10) Spells: 3/51 levels left

rFire   + . .      SeeInvis +   Y - +9 trident (protect)
rCold   + . .      Faith    .   q - orb {light}
rNeg    + + .      Spirit   .   Q - +1 troll leather armour
rPois   ∞          Reflect  .   m - +2 helmet {Int+3}
rElec   +          Harm     .   R - +2 ratskin cloak {*Rats rPois rN+ Str-1 Int-1 Dex+1}
rCorr   .          Rampage  .   L - +1 pair of gloves
Will    +....                   w - +0 pair of boots "Cac Lie" {rF+ MP+9 SInv}
Stlth   +.........              T - amulet "Xuihuken" {RegenMP rElec}
HPRegen 1.12/turn               e - +6 ring of intelligence
MPRegen 0.71/turn               y - ring of wizardry

@: about to teleport, flying, glowing
A: sickness immunity, AC +14, big wings, negative energy resistance 1,
electricity resistance, torment resistance 1, petrification resistance, clever
1, cold resistance 1, robust 1, screaming 1
}: 2/15 runes: barnacled, gossamer
a: Renounce Religion


You were on level 4 of the Spider Nest.
You worshipped Vehumet.
Vehumet was exalted by your worship.
You visited 8 branches of the dungeon, and saw 34 of its levels.
You also visited: Sewer and Ice Cave.

You collected 5066 gold pieces.
You spent 1036 gold pieces at shops.

Inventory:

Hand Weapons
 M - the +9 hand crossbow "Ogreslayer" {vorpal, Fly rF+++ Will- Stlth+}
   (You found it on level 3 of the Spider Nest)

   Any ammunition fired from it inflicts extra damage upon your enemies.
   rF:        It renders you almost immune to fire.
   Fly:       It grants you flight.
   Will:      It decreases your willpower.
   Stlth:     It makes you more stealthy.
 Y - a +9 trident of protection (weapon)
Armour
 m - a +2 helmet of intelligence (worn)
 q - an orb of light (worn)
 t - an orb of energy
 w - the +0 pair of boots "Cac Lie" (worn) {rF+ MP+9 SInv}
   (You acquired it on level 1 of the Elven Halls)

   rF:        It protects you from fire.
   MP:        It affects your magic capacity (+9).
   SInv:      It lets you see invisible.
 L - a +1 pair of gloves (worn)
 P - the +8 chain mail of Integrity {Dex+5}
   (You found it in an ice cave)

   Dex:       It affects your dexterity (+5).
 Q - a +1 troll leather armour (worn)
 R - the +2 ratskin cloak (worn) {*Rats rPois rN+ Str-1 Int-1 Dex+1}
   (You found it on level 8 of the Dungeon)

   When the wearer is hurt, rats may emerge from it to assist them.
   Str:       It affects your strength (-1).
   Int:       It affects your intelligence (-1).
   Dex:       It affects your dexterity (+1).
   rPois:     It protects you from poison.
   rN:        It protects you from negative energy.
Jewellery
 a - an amulet of regeneration
 e - a +6 ring of intelligence (left hand)
 f - a +6 ring of strength
 k - a ring of magical power
 r - a ring of ice
 y - a ring of wizardry (right hand)
 D - a ring of protection from fire
 J - a +4 ring of evasion
 O - an amulet of reflection
 S - the ring of the Evening {rCorr Slay+3 SInv}
   (You acquired it on level 5 of the Lair of Beasts)

   [ring of resist corrosion]

   Slay:      It affects your accuracy & damage with ranged weapons and melee
   (+3).
   SInv:      It lets you see invisible.
   rCorr:     It protects you from acid and corrosion.
 T - the amulet "Xuihuken" (around neck) {RegenMP rElec}
   (You found it on level 5 of the Lair of Beasts)

   [amulet of magic regeneration]

   It increases your rate of magic regeneration.
   rElec:     It insulates you from electricity.
Wands
 s - a wand of mindburst (15)
 u - a wand of roots (11)
 z - a wand of quicksilver (25)
 N - a wand of digging (4)
 U - a wand of paralysis (19)
Scrolls
 d - 3 scrolls of fear
 i - 18 scrolls of teleportation
 n - 3 scrolls of blinking
 o - 5 scrolls of poison
 v - 3 scrolls of immolation
 x - 8 scrolls of amnesia
 E - 3 scrolls of vulnerability
 F - 4 scrolls of silence
 K - 4 scrolls of fog
 Z - 2 scrolls of summoning
Potions
 b - 2 potions of magic
 g - 7 potions of haste
 h - 6 potions of brilliance
 j - 2 potions of cancellation
 l - 8 potions of curing
 p - 8 potions of ambrosia
 B - a potion of resistance
 G - 4 potions of might
 H - 2 potions of invisibility
Miscellaneous
 c - a phantom mirror (inert)
 A - a piece from Xom's chessboard (15/15)
 I - a phial of floods
 V - a condenser vane (inert)
 W - a tin of tremorstones (2/2)
 X - a lightning rod (4/4)


   Skills:
 + Level 13.9 Fighting
 + Level 4.6 Polearms
 + Level 5.1 Armour
 + Level 5.5 Dodging
 + Level 4.3 Stealth
 + Level 16.9 Spellcasting
 + Level 17.4 Conjurations
 + Level 0.5 Hexes
 + Level 2.5 Transmutations
 + Level 2.6 Fire Magic
 + Level 18.9 Earth Magic
 + Level 5.9 Poison Magic
 * Level 8.4 Evocations


You had 3 spell levels left.
You knew the following spells:

 Your Spells              Type           Power      Damage    Failure   Level
a - Sandblast             Erth           100%       2d20      0%          1
b - Passwall              Tmut/Erth      65%        N/A       1%          2
c - Stone Arrow           Conj/Erth      100%       3d13      0%          3
d - Shatter               Erth           50%        3d38*     9%          9
e - Iron Shot             Conj/Erth      49%        9d9       1%          6
g - Inner Flame           Hex/Fire       38%        N/A       1%          3
h - Ignite Poison         Fire/Tmut/Pois 51%        N/A       1%          3
i - Yara's Violent Unrav  Hex/Tmut       19%        3d9       3%          5
j - Olgreb's Toxic Radia  Pois           61%        N/A       1%          4
k - Iskenderun's Battles  Conj           97%        2d14      1%          5
l - Orb of Destruction    Conj           48%        9d13      1%          7

Your spell library contained the following spells:

 Spells                   Type           Power      Damage    Failure   Level
 Chain Lightning          Conj/Air       36%        3d48      97%         9
 Maxwell's Capacitive Co  Air            14%        ∞         100%        8
 Foxfire                  Conj/Fire      100%       2x1d9     1%          1
 Freeze                   Ice            100%       1d11      1%          1
 Sting                    Tmut/Pois      100%       1d8       1%          1
 Summon Small Mammal      Summ           100%       N/A       1%          1
 Blink                    Tloc           54%        N/A       1%          2
 Ensorcelled Hibernation  Hex/Ice        58%        N/A       1%          2
 Poisonous Vapours        Pois/Air       94%        N/A       1%          2
 Scorch                   Fire           90%        2d9       1%          2
 Conjure Flame            Conj/Fire      76%        6-21      1%          3
 Dazzling Flash           Conj/Hex       100%       N/A       1%          3
 Frozen Ramparts          Ice            54%        1d9       1%          3
 Mephitic Cloud           Conj/Pois/Air  68%        N/A       1%          3
 Summon Guardian Golem    Hex/Summ       29%        N/A       1%          3
 Call Canine Familiar     Summ           27%        N/A       2%          3
 Gell's Gravitas          Tloc           27%        N/A       2%          3
 Lesser Beckoning         Tloc           27%        N/A       2%          3
 Swiftness                Air            28%        N/A       2%          3
 Teleport Other           Tloc           27%        N/A       2%          3
 Lee's Rapid Deconstruct  Erth           50%        3d25*     0%          5
 Animate Armour           Summ/Erth      100%       N/A       1%          4
 Flame Wave               Conj/Fire      76%        2d17      1%          4
 Fulminant Prism          Conj/Hex       36%        3d18      1%          4
 Hailstorm                Conj/Ice       71%        3d15      1%          4
 Iskenderun's Mystic Bla  Conj/Tloc      71%        2d14      1%          4
 Leda's Liquefaction      Hex/Erth       37%        N/A       1%          4
 Petrify                  Tmut/Erth      78%        N/A       1%          4
 Freezing Cloud           Conj/Ice/Air   30%        6-21      1%          5
 Irradiate                Conj/Tmut      38%        3d24      1%          5
 Lehudib's Crystal Spear  Conj/Erth      49%        10d12     1%          8
 Corpse Rot               Necr/Pois/Air  41%        N/A       3%          4
 Ice Form                 Ice/Tmut       36%        N/A       4%          4
 Silence                  Hex/Air        14%        N/A       17%         5
 Agony                    Necr           27%        N/A       21%         5
 Manifold Assault         Tloc           27%        N/A       21%         5
 Simulacrum               Ice/Necr       13%        N/A       69%         6
 Summon Cactus Giant      Summ           13%        N/A       69%         6
 Polar Vortex             Ice            13%        N/A       100%        9
 Sublimation of Blood     Necr           Unusable   N/A       N/A         2
 Statue Form              Tmut/Erth      Unusable   N/A       N/A         6

Dungeon Overview and Level Annotations

Branches:
Dungeon (15/15)            Temple (1/1) D:4            Lair (5/5) D:11
 Shoals (4/4) Lair:3       Spider (4/4) Lair:2        Slime (2/5) Lair:5
    Orc (2/2) D:11            Elf (1/3) Orc:2        Vaults (0/5) D:14
 Depths (0/4) D:15          Sewer (visited)           IceCv (visited)

Altars:
Ashenzari
Cheibriados
Dithmenos
Elyvilon
Fedhas
Gozag
Hepliaklqana
Kikubaaqudgha
Makhleb
Nemelex Xobeh
Okawaru
Qazlal
Ru
Sif Muna
Trog
Uskayaw
Vehumet
Wu Jian
Xom
Yredelemnul
Zin
The Shining One
Jiyva

Shops:
D:9 =   Orc:2 *:[:(   Shoals:1 :   Shoals:3 (


Innate Abilities, Weirdness & Mutations

You are immune to sickness and miasma.
Your stone body is resilient. (AC +14)
You are immune to poison.
Your large and strong wings let you fly.
You resist negative energy. (rN+)
You are resistant to electric shocks. (rElec)
You are resistant to unholy torment.
You are immune to petrification.
Your mind is acute. (Int +4, Str/Dex -1)
Your flesh is cold resistant. (rC+)
You are robust. (+10% HP)
You occasionally shout uncontrollably at your foes.


Message History

The emperor scorpion is engulfed in blazing flames.
Your river rat bites the emperor scorpion.
As you read the scroll of teleportation, it crumbles to dust.
You feel strangely unstable. The emperor scorpion barely misses you.
The emperor scorpion closely misses you.
The emperor scorpion claws you.
* * * LOW HITPOINT WARNING * * *
The ghost moth hits you but does no damage. x2
The ghost moth misses you.
The emperor scorpion stings your river rat.
Your river rat looks as sick as possible!
The emperor scorpion poisons your river rat!
The emperor scorpion claws your river rat.
The emperor scorpion closely misses your river rat.
Your river rat bites the emperor scorpion but does no damage.
The ghost moth stares at you.
You feel your power leaking away. The ghost moth misses you.
The ghost moth barely misses you. The ghost moth stings you!
* * * LOW HITPOINT WARNING * * *
You feel dopey.
The emperor scorpion stings you but does no damage.
The emperor scorpion closely misses you.
The emperor scorpion claws you but does no damage.
The moth of wrath is engulfed in blazing flames.
Your river rat barely misses the emperor scorpion.
The emperor scorpion attacks as you move away!
The emperor scorpion barely misses you. The emperor scorpion claws you!
* * * LOW HITPOINT WARNING * * *
The emperor scorpion barely misses you. The ghost moth stares at you.
You feel your power leaking away.
The emperor scorpion is engulfed in blazing flames.
The emperor scorpion misses your river rat.
The emperor scorpion claws your river rat but does no damage.
The emperor scorpion claws your river rat.
Your river rat dies!
The moth of wrath goads the tarantella on!
The tarantella goes berserk!
The tarantella touches you!
You die...

...^....# ##...###.~~..~..†~#
........###~...##..~..~†.~~~#
........^###....#..^##.....##
....^....# #[..#.§^§##.#~..~##
.†.......####.^..#§##.#.~....#
......^...# ##..sy#....##...^#
..........#
##~..~#.#y#.###...#
..........###.##sy†##.y# #..#
..........''^.##@s~##y!.. ...#
..........''..~....##!.![#
.~.#
..........''......###!y.## ..
.^......^^###~....###...y ^.~
..........# ##.....##..#s.
..........# ##.~.~##..^
......^.^## ###^^# ......=..#
~.~# .....^<..# .~##


You could see 2 emperor scorpions, a ghost moth (invisible), a moth of wrath and
a tarantella (berserk).

Vanquished Creatures
  A kraken (Shoals:4)
  A sphinx (Shoals:4)
  Polyphemus (Shoals:2)
  Donald (Orc:2)
  3 emperor scorpions
  A deep elf sorcerer (Elf:1)
  A ghost moth (Spider:4)
  Louise (Shoals:2)
  Aizul (Shoals:2)
  2 orc warlords
  2 broodmothers
  A very ugly thing (IceCv)
  2 quicksilver oozes
  7 entropy weavers
  3 minotaurs (Shoals:4)
  A dire elephant (D:15)
  2 spark wasps
  A deep elf death mage (Elf:1)
  7 merfolk impalers
  3 merfolk javelineers (Shoals:3)
  A fire dragon (Lair:5)
  A vault guard (D:14)
  A jorogumo (Spider:2)
  6 hydras
  3 merfolk avatars
  A boulder beetle (Spider:1)
  2 catoblepae
  2 centaur warriors (D:14)
  An ice dragon (Lair:3)
  5 radroaches
  3 two-headed ogres
  The ghost of robertstho the Thaumaturge, a journeyman DjFE of Makhleb (D:10)
  2 merfolk aquamancers
  9 satyrs (Shoals:4)
  A tengu warrior (D:14)
  4 orc high priests
  5 death yaks
  6 dancing weapons (Elf:1)
  5 deep elf knights (Elf:1)
  6 pharaoh ants
  8 sea snakes
  3 sun moths
  11 orb spiders
  A swamp dragon (Lair:5)
  4 steelbarb worms
  3 orc knights (Orc:1)
  23 harpies
  13 deep elf zephyrmancers (Elf:1)
  2 orange crystal statues (IceCv)
  3 deep elf archers (Elf:1)
  31 wolf spiders
  20 deep elf pyromancers
  3 ugly things (D:14)
  7 orc sorcerers
  A shining eye (Slime:1)
  8 fauns
  7 moths of wrath
  5 oklob plants (Lair:5)
  A salamander (D:15)
  19 manticores
  6 cyclopes
  An ice statue (Lair:3)
  Joseph (D:10)
  5 merfolk sirens
  4 black mambas
  6 elephants (Lair:4)
  4 demonic crawlers
  8 water nymphs
  An eye of devastation (Lair:5)
  4 rime drakes
  2 cane toads
  6 torpor snails
  2 tengu conjurers (D:13)
  9 komodo dragons
  A yaktaur (D:15)
  5 freezing wraiths (IceCv)
  3 anaconda simulacra (IceCv)
  A golden dragon simulacrum (IceCv)
  13 trolls
  11 polar bears
  A wind drake (shapeshifter) (D:14)
  9 wind drakes
  5 hornets (Spider:4)
  5 meliai
  20 merfolk
  26 tarantellas
  13 dream sheep
  2 raiju (Lair:5)
  26 slime creatures
  A dream sheep (shapeshifter) (Elf:1)
  29 jumping spiders
  11 snapping turtles
  A ynoxinul (D:9)
  Sigmund (D:4)
  A shadow (D:12)
  5 water elementals
  A wyvern (Lair:5)
  A dire elephant simulacrum (IceCv)
  38 culicivoras
  29 yaks
  6 basilisks
  3 fire elementals (Elf:1)
  77 redbacks
  2 steam dragons (D:9)
  11 vampire mosquitoes
  11 wargs
  3 acid dragons
  2 hydra simulacra (IceCv)
  2 harpy simulacra (IceCv)
  16 water moccasins
  2 swamp drakes (Lair:5)
  13 hell hounds (Lair:5)
  33 orc warriors
  An ettin simulacrum (IceCv)
  10 ice beasts
  A black bear (shapeshifter) (D:13)
  An alligator simulacrum (IceCv)
  13 black bears
  3 boggarts (D:14)
  7 ogres
  40 wolves
  2 centaurs
  A kobold brigand (D:8)
  An earth elemental (Elf:1)
  11 bullfrogs
  2 scorpions
  A necrophage (D:8)
  13 wights
  4 lindwurm simulacra (IceCv)
  12 killer bees
  3 electric eels
  5 howler monkeys
  A jelly (Sewer)
  19 orc priests
  2 gnoll boudas
  A hound (D:7)
  Crazy Yiuf (D:4)
  4 iguanas (Lair:5)
  Natasha (thrice) (D:4)
  26 orc wizards
  13 gnolls
  9 adders
  A river rat (Sewer)
  4 shadow imps
  5 white imps
  An ufetubus (D:4)
  4 worms
  2 dart slugs (D:2)
  63 orcs
  9 ball pythons
  5 bats
  10 endoplasms
  7 giant cockroaches
  7 goblins
  9 hobgoblins
  3 quokkas
  5 frilled lizards
  8 kobolds
  15 rats
  3 tentacles (Shoals:4)
1150 creatures vanquished.

Vanquished Creatures (collateral kills)
  Frances (Elf:1)
  A ghost moth (Spider:1)
  A very ugly thing (IceCv)
  A death yak (Shoals:2)
  A deep elf zephyrmancer (Elf:1)
  An orc sorcerer (Orc:2)
  A faun (Shoals:4)
  A rime drake (Lair:2)
  A komodo dragon (Lair:2)
  A tarantella (Spider:1)
  A slime creature (Slime:1)
  An orc warrior (Orc:2)
  2 wolves (Lair:2)
14 creatures vanquished.

Vanquished Creatures (others)
  24 fungi
  66 plants
  A tentacle (Shoals:4)
91 creatures vanquished.

Grand Total: 1255 creatures vanquished

Notes
Turn   | Place    | Note
-------+----------+-------------------------------------------
     0 | D:1      | gelatine the Gargoyle Earth Elementalist began the quest
                  | for the Orb.
     0 | D:1      | Reached XP level 1. HP: 10/10 MP: 3/3
   123 | D:1      | Reached skill level 4 in Earth Magic
   137 | D:1      | Reached XP level 2. HP: 15/15 MP: 3/5
   935 | D:2      | Reached XP level 3. HP: 19/19 MP: 4/6
  1098 | D:2      | You fall into a shaft and drop 1 floor!
  1164 | D:2      | Reached XP level 4. HP: 16/24 MP: 8/8
  1167 | D:2      | Learned a level 2 spell: Passwall
  1171 | D:2      | Learned a level 3 spell: Stone Arrow
  1298 | D:2      | Reached skill level 5 in Earth Magic
  1693 | D:3      | Found an ancient bone altar of Kikubaaqudgha.
  1694 | D:3      | Found a blossoming altar of Fedhas.
  2087 | D:3      | Reached XP level 5. HP: 18/28 MP: 9/9
  2089 | D:3      | Reached skill level 1 in Fighting
  2536 | D:4      | Noticed Natasha
  2541 | D:4      | Killed Natasha
  2581 | D:4      | Found a large runed translucent door.
  2584 | D:4      | Found a large runed translucent door.
  2598 | D:4      | Found a sacrificial altar of Ru.
  2602 | D:4      | Found a hazy altar of Hepliaklqana.
  2663 | D:4      | Reached skill level 1 in Conjurations
  2722 | D:4      | Reached XP level 6. HP: 34/34 MP: 11/11
  2744 | D:4      | Noticed Sigmund
  2747 | D:4      | Killed Sigmund
  2748 | D:4      | Reached skill level 6 in Earth Magic
  2801 | D:4      | Found a staircase to the Ecumenical Temple.
  2818 | D:4      | Noticed Natasha
  2822 | D:4      | Killed Natasha
  2870 | Temple   | Entered the Ecumenical Temple
  2989 | Temple   | Became a worshipper of Vehumet
  3033 | D:4      | Noticed Natasha
  3036 | D:4      | Killed Natasha
  3037 | D:4      | Reached XP level 7. HP: 40/40 MP: 12/12
  3178 | D:4      | Found a runed translucent door.
  3179 | D:4      | Noticed Crazy Yiuf
  3185 | D:4      | Killed Crazy Yiuf
  3216 | D:5      | Entered Level 5 of the Dungeon
  3440 | D:5      | Identified the +4 dagger of the Endless Expanse {vorpal,
                  | rPois Str-5 SInv Stlth+}
  3711 | D:5      | Reached skill level 7 in Earth Magic
  3746 | D:5      | Learned a level 4 spell: Petrify
  3944 | D:6      | Reached * piety under Vehumet
  3944 | D:6      | Offered knowledge of Freeze by Vehumet.
  3959 | D:6      | Learned a level 1 spell: Freeze
  3984 | D:6      | Reached XP level 8. HP: 48/48 MP: 15/15
  4166 | D:6      | Reached skill level 5 in Spellcasting
  4172 | D:6      | Found a glowing drain.
  4181 | Sewer    | Entered a sewer
  4400 | Sewer    | Offered knowledge of Poisonous Vapours by Vehumet.
  4404 | Sewer    | Learned a level 2 spell: Poisonous Vapours
  4414 | Sewer    | Reached ** piety under Vehumet
  4559 | Sewer    | Found a viscous altar of Jiyva.
  4959 | D:6      | Reached skill level 5 in Fighting
  5085 | D:6      | Found an iron altar of Okawaru.
  5165 | D:6      | Reached skill level 8 in Earth Magic
  5705 | D:7      | Reached XP level 9. HP: 54/54 MP: 18/18
  5864 | D:7      | Reached skill level 5 in Conjurations
  5942 | D:7      | Offered knowledge of Inner Flame by Vehumet.
  5951 | D:7      | Learned a level 3 spell: Inner Flame
  6505 | D:8      | Reached *** piety under Vehumet
  6649 | D:8      | Noticed a two-headed ogre
  6656 | D:8      | Killed a two-headed ogre
  6657 | D:8      | Reached skill level 9 in Earth Magic
  6723 | D:8      | Reached XP level 10. HP: 61/61 MP: 10/20
  7017 | D:8      | Found the +2 ratskin cloak {*Rats rPois rN+ Str-1 Int-1
                  | Dex+1}
  7499 | D:9      | Offered knowledge of Ignite Poison by Vehumet.
  7562 | D:9      | Learned a level 3 spell: Ignite Poison
  7930 | D:9      | Found Janyesiy's Jewellery Shop.
  7948 | D:9      | Bought an amulet of regeneration for 330 gold pieces
  8042 | D:9      | Identified a scroll of acquirement
  8049 | D:9      | Acquired 874 gold pieces
  8055 | D:9      | Found a bloodstained altar of Trog.
  8060 | D:9      | Reached skill level 10 in Earth Magic
  8125 | D:9      | Found a shimmering blue altar of Sif Muna.
  8129 | D:9      | Got Sif Muna's Meditations on the Grave
  8725 | D:9      | Bought a +4 ring of evasion for 396 gold pieces
  8754 | D:10     | Entered Level 10 of the Dungeon
  8817 | D:10     | Reached **** piety under Vehumet
  8818 | D:10     | Reached skill level 1 in Polearms
  8818 | D:10     | Reached XP level 11. HP: 67/67 MP: 4/23
  8961 | D:10     | Found a runed translucent door.
  8964 | D:10     | Noticed robertstho's ghost (journeyman DjFE)
  8993 | D:10     | Noticed Joseph
  8995 | D:10     | Paralysed by Joseph for 3 turns
  8999 | D:10     | Killed Joseph
  9183 | D:10     | Identified the +0 leather armour of Feesigo {Str+3}
  9216 | D:10     | Found a snail-covered altar of Cheibriados.
  9218 | D:10     | Found a basalt altar of Yredelemnul.
  9225 | D:10     | Found a sparkling altar of Nemelex Xobeh.
  9228 | D:10     | Found a glowing golden altar of the Shining One.
  9234 | D:10     | Found a broken altar of Ashenzari.
  9241 | D:10     | Found an ornate altar of the Wu Jian Council.
  9242 | D:10     | Found a burning altar of Makhleb.
  9487 | D:10     | Offered knowledge of Yara's Violent Unravelling by Vehumet.
  9495 | D:10     | Learned a level 5 spell: Yara's Violent Unravelling
 10017 | D:11     | Noticed a manticore
 10021 | D:11     | Killed a manticore
 10280 | D:11     | Found a staircase to the Lair.
 10299 | D:11     | Found a staircase to the Orcish Mines.
 10311 | D:11     | Noticed a manticore
 10315 | D:11     | Killed a manticore
 10316 | D:11     | Reached skill level 1 in Armour
 10407 | D:11     | Gained mutation: Your spells are a little harder to cast,
                  | but a little more powerful. [potion of mutation]
 10407 | D:11     | Gained mutation: Armour fits poorly on your strangely
                  | shaped body. [potion of mutation]
 10407 | D:11     | Gained mutation: You are clumsy. (Dex -2) [potion of
                  | mutation]
 10408 | D:11     | Lost mutation: Your spells are a little harder to cast, but
                  | a little more powerful. [potion of mutation]
 10408 | D:11     | Lost mutation: You are clumsy. (Dex -2) [potion of
                  | mutation]
 10408 | D:11     | Lost mutation: Armour fits poorly on your strangely shaped
                  | body. [potion of mutation]
 10408 | D:11     | Gained mutation: You are robust. (+10% HP) [potion of
                  | mutation]
 10408 | D:11     | Gained mutation: Your mind is acute. (Int +4, Str/Dex -1)
                  | [potion of mutation]
 10408 | D:11     | Gained mutation: Your flesh is cold resistant. (rC+)
                  | [potion of mutation]
 10914 | D:12     | Noticed a manticore
 10918 | D:12     | Killed a manticore
 11197 | D:12     | Reached skill level 11 in Earth Magic
 11674 | D:12     | Noticed a manticore
 11681 | D:12     | Killed a manticore
 11772 | D:12     | Noticed a two-headed ogre
 11775 | D:12     | Killed a two-headed ogre
 12092 | D:13     | Noticed a manticore
 12094 | D:13     | Reached skill level 10 in Conjurations
 12098 | D:13     | Killed a manticore
 12433 | D:13     | Identified the +0 pair of gloves of Weamnigh {Rampage rElec
                  | rF-}
 12657 | D:13     | Reached XP level 12. HP: 60/82 MP: 21/25
 13280 | D:14     | Noticed a centaur warrior
 13283 | D:14     | Killed a centaur warrior
 13324 | D:14     | Reached ***** piety under Vehumet
 13371 | D:14     | Offered knowledge of Iskenderun's Battlesphere by Vehumet.
 13448 | D:14     | Noticed a seven-headed hydra
 13455 | D:14     | Killed a seven-headed hydra
 13456 | D:14     | Reached skill level 12 in Earth Magic
 13628 | D:14     | Reached skill level 10 in Spellcasting
 13878 | D:14     | Noticed a centaur warrior
 13885 | D:14     | Killed a centaur warrior
 13895 | D:14     | Noticed a vault guard
 13903 | D:14     | Killed a vault guard
 13914 | D:14     | Reached XP level 13. HP: 77/89 MP: 7/27
 14014 | D:14     | Found a gate to the Vaults.
 14027 | D:14     | Learned a level 4 spell: Olgreb's Toxic Radiance
 14156 | D:15     | Entered Level 15 of the Dungeon
 14503 | D:15     | Found a shadowy altar of Dithmenos.
 14640 | D:15     | Noticed a dire elephant
 14653 | D:15     | Killed a dire elephant
 14713 | D:15     | Found a staircase to the Depths.
 14752 | D:15     | Found a blossoming altar of Fedhas.
 14783 | D:15     | Reached skill level 10 in Fighting
 15380 | Lair:1   | Entered Level 1 of the Lair of Beasts
 15628 | Lair:1   | Reached skill level 13 in Earth Magic
 15733 | Lair:1   | Learned a level 5 spell: Iskenderun's Battlesphere
 16385 | Lair:2   | Reached skill level 1 in Poison Magic
 16528 | Lair:2   | Reached skill level 1 in Transmutations
 16620 | Lair:2   | Found a hole to the Spider Nest.
 17040 | Spider:1 | Entered Level 1 of the Spider Nest
 17121 | Spider:1 | Noticed an emperor scorpion
 17132 | Spider:1 | Killed an emperor scorpion
 17133 | Spider:1 | Gained mutation: Your large and strong wings let you fly.
                  | [Gargoyle growth]
 17133 | Spider:1 | Reached XP level 14. HP: 80/99 MP: 4/29
 17194 | Spider:1 | Noticed an entropy weaver
 17203 | Spider:1 | Killed an entropy weaver
 17207 | Spider:1 | Identified the +0 ring mail of Jocusym {Drain Str+3 Dex+2
                  | SInv}
 17313 | Spider:1 | Noticed an entropy weaver
 17322 | Spider:1 | Killed an entropy weaver
 17322 | Spider:1 | Noticed a broodmother
 17356 | Spider:1 | Killed a broodmother
 17462 | Spider:1 | Noticed a ghost moth
 17470 | Spider:1 | HP: 1/100 [ghost moth (6)]
 17685 | Spider:1 | Reached skill level 1 in Fire Magic
 17868 | Spider:1 | Killed a ghost moth
 18144 | Spider:2 | Offered knowledge of Spellforged Servitor by Vehumet.
 18173 | Spider:2 | Reached skill level 14 in Earth Magic
 18322 | Spider:2 | Noticed an entropy weaver
 18324 | Spider:2 | Noticed an entropy weaver
 18328 | Spider:2 | Killed an entropy weaver
 18329 | Spider:2 | Killed an entropy weaver
 18593 | Spider:2 | Reached XP level 15. HP: 106/106 MP: 23/31
 18714 | Spider:2 | You are sucked into a shaft and drop 1 floor!
 18828 | Spider:2 | Offered knowledge of Ozocubu's Refrigeration by Vehumet.
 18830 | Spider:2 | Reached ****** piety under Vehumet
 19549 | Spider:2 | Reached skill level 15 in Earth Magic
 19874 | Lair:3   | Identified the +1 scale mail of Twilight {rElec rC- rN+
                  | Dex+3}
 20462 | Lair:3   | Found a staircase to the Shoals.
 21296 | Lair:5   | Entered Level 5 of the Lair of Beasts
 21314 | Lair:5   | Found a viscous altar of Jiyva.
 21325 | Lair:5   | Found a staircase to the Slime Pits.
 21333 | Lair:5   | Offered knowledge of Orb of Destruction by Vehumet.
 22133 | Lair:5   | Acquired the ring of the Evening {rCorr Slay+3 SInv}
 22231 | Lair:5   | Reached XP level 16. HP: 93/114 MP: 24/33
 22653 | Lair:5   | Reached skill level 1 in Evocations
 22748 | Lair:5   | Acquired 666 gold pieces
 22822 | Lair:5   | Identified the +1 robe of Knowledge {Str+2}
 22877 | Lair:5   | Identified the amulet "Xuihuken" {RegenMP rElec}
 22994 | Lair:5   | Learned a level 7 spell: Orb of Destruction
 23165 | Slime:1  | Entered Level 1 of the Pits of Slime
 23165 | Slime:1  | Noticed an azure jelly
 23168 | Slime:1  | Gained mutation: You occasionally shout uncontrollably at
                  | your foes. [a shining eye]
 23673 | Slime:2  | Paralysed by a great orb of eyes for 5 turns
 23830 | Orc:1    | Entered Level 1 of the Orcish Mines
 23841 | Orc:1    | Offered knowledge of Iron Shot by Vehumet.
 23859 | Orc:1    | Reached skill level 15 in Conjurations
 24020 | Orc:1    | Reached skill level 5 in Dodging
 24225 | Orc:1    | Learned a level 6 spell: Iron Shot
 24430 | Orc:2    | Entered Level 2 of the Orcish Mines
 24452 | Orc:2    | Offered knowledge of Eringya's Noxious Bog by Vehumet.
 24626 | Orc:2    | Reached skill level 16 in Earth Magic
 24767 | Orc:2    | Found Dadwour's Antique Armour Boutique.
 25009 | Orc:2    | Found Pitumpac's General Store.
 25022 | Orc:2    | Noticed Donald
 25029 | Orc:2    | Killed Donald
 25123 | Orc:2    | Found Anic's Self-Improvement Boutique.
 25188 | Orc:2    | Found Saism's Book Shoppe.
 25257 | Orc:2    | Found Wiem Xat's Antique Weapon Shoppe.
 25265 | Orc:2    | Bought a bloodstained glaive for 310 gold pieces
 25265 | Orc:2    | Identified the +3 glaive of Truncation {protect, rElec
                  | SInv} (You bought it in a shop on level 2 of the Orcish
                  | Mines)
 25398 | Orc:2    | Found a staircase to the Elven Halls.
 25422 | Elf:1    | Entered Level 1 of the Elven Halls
 25710 | Elf:1    | Reached XP level 17. HP: 119/119 MP: 22/35
 25718 | Elf:1    | Offered knowledge of Ignition by Vehumet.
 25725 | Elf:1    | Reached skill level 5 in Poison Magic
 25998 | Elf:1    | Reached skill level 15 in Spellcasting
 26144 | Elf:1    | Noticed Frances
 26161 | Elf:1    | Killed Frances
 26238 | Elf:1    | Acquired the +0 pair of boots "Cac Lie" {rF+ MP+9 SInv}
 27065 | D:10     | Killed robertstho's ghost
 27176 | Shoals:1 | Entered Level 1 of the Shoals
 27205 | Shoals:1 | Reached skill level 17 in Earth Magic
 27566 | Shoals:1 | Found Roalanue's Vocational Training.
 27787 | Shoals:1 | Found a frozen archway.
 27902 | IceCv    | Entered an ice cave
 27964 | IceCv    | Reached skill level 5 in Evocations
 28108 | IceCv    | Identified the +8 chain mail of Integrity {Dex+5}
 28908 | Shoals:2 | Noticed Polyphemus
 28924 | Shoals:2 | Killed Polyphemus
 29018 | Shoals:2 | Noticed Aizul
 29031 | Shoals:2 | Killed Aizul
 29059 | Shoals:2 | Reached XP level 18. HP: 109/127 MP: 6/37
 29247 | Shoals:2 | Noticed Louise
 29262 | Shoals:2 | Killed Louise
 29683 | Shoals:2 | Offered knowledge of Shatter by Vehumet.
 29683 | Shoals:2 | Offered knowledge of Chain Lightning by Vehumet.
 29683 | Shoals:2 | Offered knowledge of Maxwell's Capacitive Coupling by
                  | Vehumet.
 30203 | Shoals:3 | Found Esiuvvaf's Weapon Shop.
 30338 | Shoals:3 | Reached skill level 5 in Armour
 30973 | Shoals:4 | Entered Level 4 of the Shoals
 31296 | Shoals:4 | Reached skill level 18 in Earth Magic
 31380 | Shoals:4 | Learned a level 9 spell: Shatter
 31707 | Shoals:4 | Got a barnacled rune of Zot
 32920 | Spider:3 | Identified the +9 hand crossbow "Ogreslayer" {vorpal, Fly
                  | rF+++ Will- Stlth+}
 33378 | Spider:4 | Entered Level 4 of the Spider Nest
 33382 | Spider:4 | Reached XP level 19. HP: 132/132 MP: 37/39
 34279 | Spider:4 | Got a gossamer rune of Zot
 34307 | Spider:4 | HP: 5/132 [emperor scorpion (13)]
 34312 | Spider:4 | HP: 5/132 [emperor scorpion (12)]
 34312 | Spider:4 | Mangled by a tarantella

Illustrated notes

Levels and vault maps discovered:
D:1:      spicycebolla_green_bress_n_ham, layout_basic, minmay_misc_feat_room
D:2:      layout_rooms, hangedman_decor_clover_reticule
D:3:      layout_basic, grunt_temple_overflow_growth_and_decay
D:4:      layout_basic, jmf_multi_god_temple2, minmay_temple_entry_tees,
          hangedman_abyss_or_decor_lesser_grid, uniq_natasha, uniq_sigmund,
          uniq_crazy_yiuf_cottage
D:5:      layout_basic, roderic_st_hans_cross
D:6:      layout_loops_cross, okawaru_metal_pillars_1_2, portal_sewer_entry_d
D:7:      layout_loops_ring
D:8:      layout_loops_ring, serial_bayou_pond_e
D:9:      layout_long_grid, nzn_overflow_gifts_of_might_and_magic, serial_shops,
          shop_fountains, ebering_dispersal_statue_hall
D:10:     layout_basic, nicolae_overflow_hallway_of_the_gods,
          ebering_ghost_reflecting_pool, uniq_joseph
D:11:     layout_irregular_city, lair_entry_dummy, orc_0_dummy, serial_rivers,
          chequers_serial_rivers_micro_b, chequers_serial_rivers_small_a,
          chequers_serial_rivers_marsh, chequers_serial_rivers_micro_b,
          chequers_serial_rivers_small_b, chequers_serial_rivers_room_b
D:12:     layout_basic, minivault_27
D:13:     layout_stronghold
D:14:     layout_rooms, david_vaults_5, dk_noncrumbling_2
D:15:     hangedman_depths_entry_try_elsewhere_first, layout_loops_corners,
          grunt_dithmenos_smoke_and_mirrors, hellmonk_bongcloud_opening,
          fedhas_altar_2
Temple:   nicolae_temple_superstar
Lair:1:   layout_regular_city
Lair:2:   layout_regular_city, hellmonk_spider_entry_not_the_bees,
          chequers_serial_rivers_small_b, grunt_forest_large_clearings,
          grunt_megastairs_1, serial_bayou_shore_b
Lair:3:   layout_regular_city, elwin_shoals_entry_stream, ice2_lemuel
Lair:4:   layout_cave_shapes, minivault_11, infiniplex_staircase_pool
Lair:5:   guppyfry_lair_end_dragon, layout_small_grid,
          hangedman_lair_caniforms_friends, minmay_slime_entry_oklob_open,
          patterned_corridor
Shoals:1: layout_shoals, portal_ice_cave_entry_pillars_three,
          nicolae_shoals_stone_sculpture_thing, nicolae_shop_vocational
Shoals:2: layout_shoals, uniq_louise, uniq_aizul, uniq_polyphemus
Shoals:3: layout_shoals, serial_shops, nicolae_shop_behind_doors,
          nicolae_shoals_mertower
Shoals:4: shoals_end_hellmonk_lost_city
Spider:1: layout_spider_delve, nicolae_spider_spiderdrome
Spider:2: nicolae_spider_hilbert_zone_4 [nicolae_spider_hilbert_4_sides_2_open,
          nicolae_spider_hilbert_4_sides_1_open,
          nicolae_spider_hilbert_4_sides_1_open,
          nicolae_spider_hilbert_4_sides_1_open,
          nicolae_spider_hilbert_4_sides_1_open,
          nicolae_spider_hilbert_2_sides_1_open,
          nicolae_spider_hilbert_2_sides_1_open,
          nicolae_spider_hilbert_2_sides_1_open,
          nicolae_spider_hilbert_2_sides_1_open,
          nicolae_spider_hilbert_6_sides_1_open,
          nicolae_spider_hilbert_6_sides_1_open,
          nicolae_spider_hilbert_3_sides_1_open,
          nicolae_spider_hilbert_3_sides_1_open], nicolae_spider_circle_web,
          drop_trap, nicolae_spider_nook
Spider:3: layout_spider_delve
Spider:4: spider_rune_water, nicolae_spider_nooks_and_crannies
Slime:1:  layout_caves
Slime:2:  layout_caves, basic_altar, cheibrodos_slime_lost_civilization_5
Orc:1:    layout_caves, basic_altar, uniq_jorgrun
Orc:2:    grunt_orc_gardens, layout_diamond_mine, grunt_orc_garden,
          grunt_orc_garden, grunt_orc_garden, grunt_orc_garden,
          nicolae_shop_self_help, uniq_donald
Elf:1:    elf_arrival_002, layout_loops_cross, minmay_elf_sorcery, st_stairs_1,
          serial_sigils_hangedman_gut, uniq_frances

Skill      XL: |  1  2  3  4  5  6  7  8  9 10 11 12 13 14 15 16 17 18 19 |
---------------+----------------------------------------------------------+-----
Earth Magic    | 4 5 6 7 8 9 10 11 12 13 14 15 16 17 18 | 18.9
Spellcasting   | 3 4 6 8 9 10 11 12 13 14 15 16 | 16.9
Fighting       | 1 2 4 5 6 7 8 9 11 12 13 | 13.9
Conjurations   | 1 3 4 6 8 10 12 13 14 15 16 17 | 17.4
Stealth        | 3 4 |  4.3
Dodging        | 2 3 4 5 |  5.5
Polearms       | 1 2 3 4 |  4.6
Armour         | 2 3 4 5 |  5.1
Poison Magic   | 2 3 4 5 |  5.9
Transmutations | 1 2 |  2.5
Fire Magic     | 1 2 |  2.6
Evocations     | 4 5 7 8 |  8.4
Hexes          | |  0.5

Action                   |  1- 3 |  4- 6 |  7- 9 | 10-12 | 13-15 | 16-18 | 19-21 || total
-------------------------+-------+-------+-------+-------+-------+-------+-------++-------
Melee: Spear             |       |       |     7 |    69 |    53 |       |       ||   129
       Trident           |       |       |       |       |       |   181 |    13 ||   194
       Unarmed           |       |       |       |       |       |     1 |       ||     1
 Cast: Sandblast         |    40 |    51 |    61 |    18 |    23 |    39 |       ||   232
       Stone Arrow       |       |     1 |    98 |   283 |   551 |   239 |     1 ||  1173
       Ignite Poison     |       |       |       |     1 |    28 |    25 |     2 ||    56
       Olgreb's Toxic Ra |       |       |       |       |    35 |    34 |     3 ||    72
       Poisonous Vapours |       |       |       |       |     3 |     1 |       ||     4
       Petrify           |       |       |       |       |     2 |       |       ||     2
       Iskenderun's Batt |       |       |       |       |    28 |    35 |     1 ||    64
       Iron Shot         |       |       |       |       |       |   485 |    98 ||   583
       Orb of Destructio |       |       |       |       |       |     5 |       ||     5
       Yara's Violent Un |       |       |       |       |       |     6 |       ||     6
       Inner Flame       |       |       |       |       |       |     1 |       ||     1
       Shatter           |       |       |       |       |       |     3 |     3 ||     6
Evoke: Lightning rod     |       |       |       |       |     1 |     2 |       ||     3
       Wand              |       |       |       |       |     6 |    11 |     1 ||    18
       Condenser vane    |       |       |       |       |       |     2 |     1 ||     3
       Phantom mirror    |       |       |       |       |       |       |     1 ||     1
  Use: Scroll            |       |     8 |     5 |    18 |    12 |    17 |     3 ||    63
       Potion            |       |       |       |     6 |     8 |     9 |     2 ||    25
Armor: Robe              |     2 |     3 |    15 |     4 |       |       |       ||    24
       Acid dragon scale |       |       |       |    51 |     6 |       |       ||    57
       Troll leather arm |       |       |       |    15 |   246 |   386 |    51 ||   698
Dodge: Dodged            |     3 |    10 |    27 |    99 |   315 |   500 |    36 ||   990
